 Dungeon Crawl Stone Soup version 0.21-a0-84-g85d6d27 (webtiles) character file.

6619 nikopol the Cleaver (level 10, -5/91 HPs)
             Began as a Minotaur Berserker on June 24, 2017.
             Was a High Priest of Trog.
             Slain by a blink frog (11 damage)
             ... on level 1 of the Lair of Beasts.
             The game lasted 00:20:25 (10057 turns).

nikopol the Cleaver (Minotaur Berserker)           Turns: 10057, Time: 00:20:26

Health: -5/91      AC:  8    Str: 24    XL:     10   Next: 72%
Magic:  9/9        EV: 14    Int:  4    God:    Trog [*****.]
Gold:   740        SH:  0    Dex: 13    Spells: 9/9 levels left

rFire    . . .     SeeInvis .   a - +3 battleaxe (venom)
rCold    . . .     Gourm    .   (shield currently unavailable)
rNeg     . . .     Faith    .   r - +1 ring mail
rPois    .         Spirit   .   (helmet restricted)
rElec    .         Reflect  .   B - +0 cloak
rCorr    .         Harm     .   (no gloves)
MR       .....                  (no boots)
Stlth    +.........             (no amulet)
HPRegen  0.25/turn              b - +2 ring of strength
MPRegen  0.11/turn              (no ring)

@: starving
A: retaliatory headbutt, horns 2
a: Berserk, Trog's Hand, Brothers in Arms, Burn Spellbooks, Renounce Religion


You were on level 1 of the Lair of Beasts.
You worshipped Trog.
Trog was extremely pleased with you.
You were starving.

You visited 2 branches of the dungeon, and saw 10 of its levels.
You also visited: Ossuary.

You collected 776 gold pieces.
You spent 36 gold pieces at shops.

Inventory:

Hand Weapons
 a - a +3 battleaxe of venom (weapon)
 z - a +0 shortbow
 O - a +1 war axe
Missiles
 p - 191 arrows
Armour
 r - a +1 ring mail (worn)
 B - a +0 cloak (worn)
Jewellery
 b - a +2 ring of strength (left hand)
Wands
 j - a wand of lightning (7/15)
 x - a wand of iceblast (15/15)
 F - a wand of confusion (36/48)
 G - a wand of flame (19/48)
 J - a wand of acid (8/15)
 P - a wand of confusion (29/48)
Scrolls
 d - 5 scrolls of identify
 e - 4 scrolls of remove curse
 g - 3 scrolls of enchant weapon
 k - a scroll of torment {unknown}
 n - 6 scrolls of teleportation
 q - a scroll of blinking
 y - 3 scrolls of fear
 D - 3 scrolls of recharging
 E - 2 scrolls of enchant armour
 K - 2 scrolls of immolation {unknown}
 N - 2 scrolls of holy word {unknown}
Potions
 i - 5 potions of brilliance
 l - 3 potions of heal wounds
 o - 2 potions of flight
 s - a potion of agility
 t - 2 potions of mutation {unknown}
 u - a potion of haste
 v - a potion of lignification {unknown}
 w - 2 potions of degeneration {unknown}
 A - 2 potions of invisibility {unknown}
 C - 3 potions of curing
 H - 2 potions of ambrosia {unknown}
 I - 2 potions of might
 L - a potion of cancellation {unknown}
 Q - a potion of berserk rage {unknown}
Books
 M - a book of Power

   Spells                             Type                      Level
   a - Iskenderun's Battlesphere      Conjuration/Charms           5
   b - Venom Bolt                     Conjuration/Poison           5
   c - Bolt of Magma                  Conjuration/Fire/Earth       5
   d - Iron Shot                      Conjuration/Earth            6
   e - Orb of Destruction             Conjuration                  7
   f - Spellforged Servitor           Conjuration/Summoning        7
   Trog disapproves of the use of such an item.
Comestibles
 c - 5 bread rations
 f - 4 royal jellies
 h - 9 meat rations
 m - 6 fruits


   Skills:
 + Level 9.6 Fighting
 + Level 12.1 Axes
 + Level 7.8 Bows
 + Level 7.0 Armour
 + Level 5.9 Dodging
 + Level 2.4 Stealth


You had 9 spell levels left.
You didn't know any spells.

Dungeon Overview and Level Annotations

Branches:
Dungeon (9/15)             Temple (0/1) D:6            Lair (1/6) D:9
    Orc: D:9-12

Altars:
Ashenzari
Dithmenos
Fedhas
Hepliaklqana
Kikubaaqudgha
Makhleb
Okawaru
Ru
Trog
Wu Jian
Xom
Yredelemnul

Shops:
D:5 !

Annotations:
Lair:1 Gastronok


Innate Abilities, Weirdness & Mutations

You reflexively headbutt those who attack you in melee.
You have a pair of horns on your head.


Message History

You are too injured to fight recklessly!
You are too injured to fight recklessly!
You are too injured to fight recklessly!
You are too injured to fight recklessly!
You are too injured to fight recklessly!
You are too injured to fight recklessly!
You are too injured to fight recklessly!
You are too injured to fight recklessly!
You are too injured to fight recklessly!
You are too injured to fight recklessly!
You are too injured to fight recklessly!
The blink frog blinks!
The blink frog misses you.
Gastronok waves his eye-stalks in wide circles.
The air twists around and strikes you!
* * * LOW HITPOINT WARNING * * *
You see here a blink frog corpse.
You are starving!
The blink frog hits you!
You die...

................ ..
................ #.
..w..........t.. ###.
...............#... ##
#....#...........###. #
##....#......##..#....
...#............#..#..###
.......F†#?#..#.##.#.## #
......(.@####....#..#.#
.##.###(..#........####
#. ###............# .
#.............P# #
###...#.......####
##..##.##......#.#
#....######.##..## ###..#
##..##P..##
#..####..#####..##


You could see a blink frog and a crocodile.

Vanquished Creatures
  Pikel (D:8)
  Joseph (Lair:1)
  The ghost of nikopol the Chopper, a novice MiBe of Trog (D:3)
  A troll (D:9)
  Prince Ribbit (D:5)
  2 blink frogs (Lair:1)
  3 yaks (D:9)
  A wyvern (D:9)
  A wraith (D:8)
  A water moccasin (D:9)
  2 orc warriors
  A porcupine (Lair:1)
  2 sky beasts
  2 phantoms
  2 ice beasts
  3 slaves (D:8)
  A necrophage (D:8)
  6 centaurs
  3 ogres
  A crocodile (D:9)
  A big kobold (D:7)
  6 bullfrogs
  2 scorpions (D:9)
  2 troll zombies (D:8)
  A wight (D:8)
  6 crimson imps
  A howler monkey (D:5)
  A quasit (D:9)
  2 bullfrog zombies
  A hound (D:5)
  2 human zombies (D:8)
  5 orc wizards
  A gnoll shaman (D:6)
  2 jellies
  4 orc priests
  A bullfrog skeleton (D:9)
  A centaur skeleton (D:7)
  An iguana (D:9)
  5 worker ants
  Natasha (twice) (D:3)
  A killer bee zombie (D:7)
  A hound zombie (D:9)
  An ogre skeleton (D:8)
  A hound skeleton (D:4)
  10 mummies
  A worker ant zombie (D:9)
  9 gnolls
  10 adders
  2 adder skeletons
  An adder zombie (D:5)
  7 worms
  2 dart slugs
  3 leopard geckos
  27 orcs
  3 giant cockroaches
  4 hobgoblins
  17 jackals
  4 quokkas
  5 ball pythons
  5 bats
  4 frilled lizards
  2 gnoll zombies (D:6)
  3 goblins
  2 hobgoblin zombies (Ossuary)
  A jackal skeleton (D:5)
  8 kobolds
  3 kobold zombies (Ossuary)
  A leopard gecko zombie (D:5)
  An orc skeleton (D:8)
  4 orc zombies
  A quokka skeleton (D:5)
  A quokka zombie (D:5)
  9 rats
237 creatures vanquished.

Vanquished Creatures (others)
  5 toadstools (D:1)
5 creatures vanquished.

Grand Total: 242 creatures vanquished

Notes
Turn   | Place    | Note
-------+----------+-------------------------------------------
     0 | D:1      | nikopol the Minotaur Berserker began the quest for the Orb.
     0 | D:1      | Reached XP level 1. HP: 19/19 MP: 0/0
   310 | D:1      | Reached skill level 4 in Axes
   310 | D:1      | Reached XP level 2. HP: 27/27 MP: 1/1
   727 | D:2      | Reached ** piety under Trog
   990 | D:2      | Reached XP level 3. HP: 30/33 MP: 2/2
  1003 | D:2      | Found a shadowy altar of Dithmenos.
  1694 | D:2      | Reached skill level 5 in Axes
  1919 | D:2      | Reached XP level 4. HP: 41/41 MP: 3/3
  2347 | D:3      | Found an iron altar of Okawaru.
  2389 | D:3      | Found a blossoming altar of Fedhas.
  2587 | D:3      | Noticed Natasha
  2594 | D:3      | Killed Natasha
  2594 | D:3      | Reached XP level 5. HP: 31/47 MP: 4/4
  2701 | D:3      | Noticed nikopol's ghost (novice MiBe)
  2722 | D:3      | Reached skill level 1 in Stealth
  2731 | D:3      | Killed nikopol's ghost
  2731 | D:3      | Reached skill level 5 in Fighting
  2731 | D:3      | Reached skill level 6 in Axes
  2731 | D:3      | Reached XP level 6. HP: 55/56 MP: 5/5
  2949 | D:3      | Noticed Natasha
  2954 | D:3      | Killed Natasha
  2954 | D:3      | Reached skill level 7 in Axes
  2954 | D:3      | Reached XP level 7. HP: 48/61 MP: 6/6
  3326 | D:4      | Reached *** piety under Trog
  3363 | D:4      | Found a sand-covered staircase.
  3374 | Ossuary  | Entered an ossuary
  4050 | D:4      | Reached skill level 8 in Axes
  4280 | D:5      | Entered Level 5 of the Dungeon
  4379 | D:5      | Noticed Prince Ribbit
  4399 | D:5      | Reached XP level 8. HP: 69/71 MP: 7/7
  4413 | D:5      | Reached skill level 5 in Armour
  4937 | D:5      | Reached skill level 9 in Axes
  4951 | D:5      | Reached **** piety under Trog
  4978 | D:5      | Found Cujung's Distillery.
  4997 | D:5      | Killed Prince Ribbit
  5004 | D:5      | Bought a potion of curing for 36 gold pieces
  5573 | D:6      | Reached skill level 5 in Dodging
  5580 | D:6      | Reached skill level 10 in Axes
  5657 | D:6      | Reached XP level 9. HP: 56/79 MP: 8/8
  5844 | D:6      | Found an ornate altar of the Wu Jian Council.
  6081 | D:6      | Reached ***** piety under Trog
  6219 | D:6      | Found a staircase to the Ecumenical Temple.
  6327 | D:6      | Found a basalt altar of Yredelemnul.
  6538 | D:7      | Reached skill level 1 in Bows
  7354 | D:8      | Received a gift from Trog
  7620 | D:8      | Found an ancient bone altar of Kikubaaqudgha.
  7711 | D:8      | Reached skill level 11 in Axes
  7711 | D:8      | Reached skill level 5 in Bows
  7902 | D:8      | Noticed a moth of wrath
  7906 | D:8      | Found a bloodstained altar of Trog.
  7974 | D:8      | Found a sacrificial altar of Ru.
  8002 | D:8      | Noticed Pikel
  8020 | D:8      | Killed Pikel
  8020 | D:8      | Reached XP level 10. HP: 59/90 MP: 9/9
  8613 | D:9      | Received a gift from Trog
  9059 | D:9      | Found a burning altar of Makhleb.
  9059 | D:9      | Noticed a balrug
  9184 | D:9      | Found a staircase to the Lair.
  9433 | D:9      | Received a gift from Trog
  9435 | D:9      | Found a shattered altar of Ashenzari.
  9444 | D:9      | Found a hazy altar of Hepliaklqana.
  9444 | D:9      | Found a shimmering altar of Xom.
  9484 | D:9      | Found an ancient bone altar of Kikubaaqudgha.
  9573 | Lair:1   | Entered Level 1 of the Lair of Beasts
  9641 | Lair:1   | Noticed Joseph
  9849 | Lair:1   | Killed Joseph
  9849 | Lair:1   | Reached skill level 12 in Axes
 10051 | Lair:1   | Noticed Gastronok
 10057 | Lair:1   | Slain by a blink frog

Vault maps used:
D:1:      ldierk_walled_garden
D:2:      lemuel_doored_altar
D:3:      lemuel_crystal_altar, nicolae_overflow_crystal_walls, uniq_natasha
D:4:      nicolae_ossuary_entry_monument, first_bread,
          minmay_misc_feat_more_columns
D:5:      kennysheep_windowed_halls, serial_shops, shop, uniq_prince_ribbit1
D:6:      lemuel_zombie_altar_yredelemnul, lemuel_round_altar,
          lemuel_temple_firewalk_b
D:8:      nicolae_ru_awakened_eye, tgw_trog,
          lemuel_mausoleum_altar_kikubaaqudgha, uniq_pikel
D:9:      kennysheep_blocky_hall, lemuel_crystal_altar,
          makhleb_altar_promises_db, grunt_temple_overflow_open,
          serial_column_ruins, column_ruins_open_tiny,
          column_ruins_columns_straight, column_ruins_columns_plus,
          column_ruins_open_small
Lair:1:   pond, uniq_joseph, uniq_gastronok
Ossuary:  ossuary_tomb_3

Skill      XL: |  1  2  3  4  5  6  7  8  9 10 |
---------------+-------------------------------+-----
Axes           | 4 5 6 7 8 10 11 12 | 12.1
Fighting       | 4 5 6 7 8 9 |  9.6
Stealth        | 1 2 |  2.4
Armour         | 3 4 5 6 7 |  7.0
Dodging        | 3 5 |  5.9
Bows           | 5 7 |  7.8

Action                   |  1- 3 |  4- 6 |  7- 9 | 10-12 || total
-------------------------+-------+-------+-------+-------++-------
Melee: Hand axe          |    94 |    11 |       |       ||   105
       Headbutt          |    16 |    11 |    72 |    19 ||   118
       War axe           |       |    31 |   342 |    53 ||   426
       Battleaxe         |       |       |       |    34 ||    34
 Fire: Shortbow          |       |       |    77 |    96 ||   173
Invok: Berserk           |     1 |     1 |     2 |     1 ||     5
       Burn Spellbooks   |       |       |     1 |       ||     1
  Use: Scroll            |       |       |    18 |       ||    18
 Stab: Sleeping          |       |       |     2 |       ||     2
  Eat: Chunk             |     4 |     4 |    19 |     5 ||    32
Armor: Animal skin       |    17 |       |       |       ||    17
       Ring mail         |     2 |     7 |   101 |    29 ||   139
Dodge: Dodged            |    56 |    22 |   195 |    75 ||   348
